 Dungeon Crawl Stone Soup version 0.23-a0-607-g760965b (webtiles) character file.

378028 mhoghedin the Spry (level 23, -3/155 HPs)
             Began as a Kobold Berserker on Dec 18, 2018.
             Was a High Priest of Trog.
             Slain by an Executioner (7 damage)
             ... summoned by a deep elf demonologist
             ... led by an ironheart preserver
             ... on level 5 of the Vaults on Dec 21, 2018.
             The game lasted 01:41:55 (32074 turns).

mhoghedin the Spry (Kobold Berserker)              Turns: 32074, Time: 01:41:56

Health: -3/155     AC: 28    Str: 34      XL:     23   Next: 48%
Magic:  0/33       EV: 28    Int:  5 (9)  God:    Trog [*****.]
Gold:   1133       SH: 21    Dex: 20      Spells: 22/22 levels left

rFire    . . .     SeeInvis +   X - +4 demon whip (vamp) {!w}
rCold    . . .     Gourm    .   y - +5 shield {AC+3}
rNeg     . . .     Faith    +   r - +13 chain mail of the Other World {-Tele Regen+ Str+8 Stlth-}
rPois    .         Spirit   +   (helmet restricted)
rElec    .         Reflect  .   H - scarf {Spirit}
rCorr    .         Harm     .   W - +0 pair of fencer's gloves {Riposte Dex+3}
MR       +++..     NoTele   +   C - +0 pair of boots "Velepige" {Str+3}
Stlth    ..........             i - amulet of faith {Faith, !P}
HPRegen  1.75/turn              P - +4 ring of slaying
MPRegen  0.23/turn              E - ring of see invisible {sInv, !d}

@: lethally poisoned (-3 -> -3), regenerating, slowed, studying Shields, very
slow
A: small, horns 1, carnivore, deformed body, strong 1
}: 3/15 runes: decaying, silver, gossamer
a: Berserk, Trog's Hand, Brothers in Arms, Renounce Religion


You were on level 5 of the Vaults.
You worshipped Trog.
Trog was extremely pleased with you.
You were not hungry.

You visited 6 branches of the dungeon, and saw 36 of its levels.
You also visited: Ice Cave.

You collected 3611 gold pieces.
You spent 2478 gold pieces at shops.

Inventory:

Hand Weapons
 I - a +3 eveningstar of freezing
   (You took it off Louise on level 1 of the Spider Nest)
 Q - a +1 eveningstar of holy wrath
   (Trog gifted it to you on level 2 of the Orcish Mines)
 X - a +4 vampiric demon whip (weapon) {!w}
   (You found it in an ice cave)
Missiles
 b - 7 curare-tipped needles
 v - 4 throwing nets {=f, !d}
Armour
 d - the +0 Maxwell's etheric cage {RegenMP+ *Contam rElec MP+4}
   (You bought it in a shop on level 15 of the Dungeon)

   It insulates you from electricity.
   It affects your magic capacity (+4).
   It causes magical contamination when unequipped.
 r - the +13 chain mail of the Other World (worn) {-Tele Regen+ Str+8 Stlth-}
   (You found it on level 5 of the Dungeon)

   It affects your strength (+8).
   It prevents most forms of teleportation.
   It increases your rate of regeneration.
   It makes you less stealthy.
 y - a +5 shield of protection (worn)
   (You bought it in a shop on level 15 of the Dungeon)
 C - the +0 pair of boots "Velepige" (worn) {Str+3}
   (You bought it in a shop on level 15 of the Dungeon)

   It affects your strength (+3).
 H - a scarf of spirit shield (worn)
   (You found it on level 4 of the Lair of Beasts)
 W - the +0 pair of fencer's gloves (worn) {Riposte Dex+3}
   (You bought it in a shop on level 15 of the Dungeon)

   It affects your dexterity (+3).
Jewellery
 i - an amulet of faith (around neck) {Faith, !P}
   (You bought it in a shop on level 15 of the Dungeon)
 z - the ring of Meokhuar {-Tele rC+++ Str-5 Int+3 Slay+2}
   (You acquired it on level 5 of the Lair of Beasts)

   [ring of slaying]

   It affects your strength (-5).
   It affects your intelligence (+3).
   It affects your accuracy and damage with ranged weapons and melee attacks
   (+2).
   It renders you almost immune to cold.
   It prevents most forms of teleportation.
 A - the ring "Jymeam" {Str+5 Int+2}
   (You found it on level 5 of the Vaults)

   [ring of strength]

   It affects your strength (+5).
   It affects your intelligence (+2).
 E - a ring of see invisible (right hand) {sInv, !d}
   (You found it on level 6 of the Lair of Beasts)
 K - the ring of the Eight Continents {rF+ rN+}
   (You found it on level 2 of the Vaults)

   [ring of protection from fire]

   It protects you from fire.
   It protects you from negative energy.
 P - a +4 ring of slaying (left hand)
   (You found it on level 12 of the Dungeon)
 T - a +2 ring of slaying
   (You took it off a vault warden on level 5 of the Vaults)
Wands
 e - a wand of iceblast (10)
   (You found it on level 13 of the Dungeon)
 l - a wand of flame (65)
   (You found it on level 4 of the Dungeon)
 n - a wand of polymorph (2)
   (You found it on level 2 of the Vaults)
 q - a wand of acid (4)
   (You found it on level 3 of the Lair of Beasts)
 u - a wand of paralysis (3)
   (You found it on level 8 of the Dungeon)
 w - a wand of disintegration (47)
   (You found it on level 7 of the Dungeon)
 x - a wand of enslavement (10)
   (You found it on level 5 of the Vaults)
 D - a wand of digging (5)
   (You found it on level 2 of the Vaults)
Scrolls
 f - 17 scrolls of teleportation
 m - 13 scrolls of remove curse
 F - a scroll of magic mapping {!r}
 J - 5 scrolls of immolation {!r}
 M - 3 scrolls of blinking {!r}
 S - 2 scrolls of fear
 V - 3 scrolls of torment {!r}
Potions
 a - 3 potions of magic
 g - 7 potions of lignification {!q}
 h - 7 potions of might
 j - 3 potions of cancellation
 k - 16 potions of curing
 p - 3 potions of brilliance
 G - 3 potions of flight
 L - 6 potions of ambrosia
 U - 3 potions of agility
 Z - a potion of berserk rage {!q}
Books
 N - a manual of Shields {!d}
   (You found it on level 5 of the Vaults)
Miscellaneous
 o - a lamp of fire
   (You found it on level 5 of the Vaults)
 t - a sack of spiders
 B - 2 boxes of beasts
Comestibles
 c - 37 rations


   Skills:
 + Level 19.1 Fighting
 - Level 15.3 Maces & Flails
 + Level 15.0 Armour
 + Level 20.3 Dodging
 + Level 12.8 Shields
 - Level 13.6 Evocations


You had 22 spell levels left.
You didn't know any spells.
Your spell library was empty.

Dungeon Overview and Level Annotations

Branches:
Dungeon (15/15)            Temple (0/1) D:4            Lair (6/6) D:8
  Swamp (4/4) Lair:2       Spider (4/4) Lair:3        Slime (0/5) Lair:5
    Orc (2/2) D:9             Elf (0/3) Orc:2        Vaults (5/5) D:14
 Depths (0/5) D:15
  Crypt: Vaults:2-3

Altars:
Ashenzari
Elyvilon
Hepliaklqana
Kikubaaqudgha
Makhleb
Ru
Sif Muna
Trog
Uskayaw
Vehumet
Wu Jian
Xom
Yredelemnul
The Shining One
Jiyva

Shops:
D:11 *   D:12 :   D:13 (   D:15 =}[[[   Orc:2 ([*=   Vaults:2 }

Annotations:
D:4 1 runed door, confidenceinterval's ghost, amateur GnSu
Lair:3 exclusion: 4 oklob plants
Lair:5 2 transporters


Innate Abilities, Weirdness & Mutations

You are small and have problems with some larger weapons.
You are carnivorous and can eat meat at any time.
You have a pair of small horns on your head.
Armour fits poorly on your strangely shaped body.
Your muscles are strong. (Str +2)


Message History

Your mature shockweird beast blinks! x4
The deep elf demonologist hits your cyclops but does no damage.
The vault warden unwields a +1 great sword of electrocution.
It stops crackling.
The vault warden wields a +0 arbalest.
The vault warden shoots a bolt.
The bolt hits you!
* * * LOW HITPOINT WARNING * * *
Your mature oxsting beast closely misses the Executioner.
Your mature oxsting beast barely misses the Executioner.
Your mature oxsting beast stings the Executioner.
The smoke demon is engulfed in blazing flames.
The deep elf mage hits your mature shockweird beast but does no damage.
Your cyclops hits the deep elf demonologist!!
Your mature shockweird beast is engulfed in blazing flames.
Your mature shockweird beast dies!
Your mature shockweird beast's corpse disappears in a puff of smoke!
The deep elf demonologist mumbles some strange words.
The deep elf archer shouts!
You feel much better.
You feel sick.
The shadow imp disappears in a puff of smoke!
Your mature oxsting beast barely misses the Executioner.
Your mature oxsting beast tramples the Executioner but does no damage.
Your mature oxsting beast stings the Executioner!
The deep elf archer unwields a +0 longbow.
The deep elf archer wields a +0 short sword.
You block the deep elf archer's attack. The smoke demon gestures at you.
Something smites you!
* * * LOW HITPOINT WARNING * * *
Your cyclops hits the deep elf demonologist.
The deep elf mage hits your mature oxsting beast but does no damage.
The vault warden activates a sealing rune.
The golden dragon completely misses you.
You block the golden dragon's attack. The golden dragon barely misses you.
The deep elf demonologist hits your cyclops with a +0 dagger.
The ice beast hits your cyclops. The ice beast freezes your cyclops!
Your cyclops dies!
Your cyclops's corpse disappears in a puff of smoke!
Your mature oxsting beast closely misses the Executioner.
Your mature oxsting beast tramples the Executioner.
The Executioner holds its ground!
Your mature oxsting beast stings the Executioner.
You regained 3 hp, and now have 43/155 hp.
You now have 3/33 mp.
You are no longer corroded.
You feel sick.
The deep elf knight mumbles some strange words.
The deep elf knight seems to speed up.
The deep elf demonologist mumbles some strange words.
The deep elf mage hits your mature oxsting beast but does no damage.
Your mature oxsting beast hits the Executioner.
Your mature oxsting beast tramples the Executioner.
The Executioner holds its ground!
Your mature oxsting beast stings the Executioner but does no damage.
The deep elf mage casts a spell.
The golden dragon bites you!!
* * * LOW HITPOINT WARNING * * *
You block the golden dragon's attack. x2
The vault warden unwields a +0 arbalest.
The vault warden wields a +1 great sword of electrocution.
You hear the crackle of electricity.
You block the vault warden's attack.
You take 18 damage, and have 25/155 hp.
You now have 2/33 mp.
Your skin crawls.
You feel resistant to hostile enchantments.
You feel quite a bit more hungry.
The deep elf knight is engulfed in blazing flames.
The ice beast hits your mature oxsting beast but does no damage.
Your mature oxsting beast hits the deep elf demonologist but does no damage.
Your mature oxsting beast tramples the deep elf demonologist!
The deep elf demonologist holds its ground!
Your mature oxsting beast barely misses the deep elf demonologist.
The deep elf annihilator mumbles some strange words.
The deep elf annihilator blinks!
You block the Executioner's attack. x3
The golden dragon breathes cold at you. The bolt of cold misses you.
The deep elf mage mumbles some strange words.
The deep elf mage blinks!
Your mature oxsting beast hits the sun demon!
Your mature oxsting beast tramples the sun demon but does no damage.
Your mature oxsting beast barely misses the sun demon.
The ice beast hits your mature oxsting beast.
The ice beast freezes your mature oxsting beast.
Your mature oxsting beast resists.
The vault warden hits you with a +1 great sword of electrocution.
* * * LOW HITPOINT WARNING * * *
You are electrocuted!
* * * LOW HITPOINT WARNING * * *
You take 14 damage, and have 11/155 hp.
You now have 0/33 mp.
You feel sick. The Executioner hits you!
* * * LOW HITPOINT WARNING * * *
The Executioner hits you but does no damage.
You block the Executioner's attack. x2; The Executioner misses you.
The Executioner hits you but does no damage.
The Executioner closely misses you. You block the Executioner's attack.
The Executioner hits you but does no damage.
The Executioner closely misses you.
You riposte.
You thrash the Executioner!! Your headbutt misses the Executioner.
You block the Executioner's attack. The Executioner misses you.
The deep elf archer blinks!
The Executioner completely misses you. x2; The Executioner hits you!
You die...

#..E.4.....#....#... #
#e3Ye......#....#...
#. #(e2e§e....# #...
...##+##Y343§.....#
#.##
.......)H§e#####..#
#.## .......3§e§#
..#....#..#
§..#####E.p#
.#....#..[ . #.1D# #.
#....#... .# #(.@#
###..#....#..# .
#..........#....#.## .
#...e.....(#....#.## .
.....................
#######
############(...(...##
.......
.........(.()((.
.......
.........<<(....
.......
......)<[[<)...
.......
........<<()...


You could see a golden dragon, a vault warden, a deep elf annihilator, an
Executioner, 2 sun demons, 2 deep elf demonologists, a deep elf archer, a deep
elf knight, 2 deep elf magi, a sixfirhy, a smoke demon, a hellion, a fire
elemental, a chaos spawn, 2 ice beasts and a friendly mature oxsting beast.

Vanquished Creatures
  An ancient lich (Vaults:5)
  Mara (Vaults:5)
  Arachne (Spider:3)
  Rupert (Lair:4)
  2 liches
  A quicksilver dragon (Vaults:5)
  3 titans (Vaults:5)
  2 sphinxes
  6 tengu reavers
  2 thorn hunters
  4 shadow dragons
  4 frost giants (Vaults:5)
  2 deep elf sorcerers (Vaults:5)
  13 vault wardens
  4 ghost moths (Spider:4)
  4 emperor scorpions (Spider:4)
  2 orc warlords
  6 stone giants
  14 ironheart preservers
  9 very ugly things
  A ghoul (Vaults:5)
  4 entropy weavers
  2 war gargoyles (Vaults:5)
  2 deep elf annihilators (Vaults:5)
  2 spark wasps
  4 deep elf death magi
  3 fire dragons
  3 ettins
  13 yaktaur captains
  Fannar (Lair:1)
  8 great orbs of eyes
  19 hydras
  43 vault guards
  An ice dragon (Vaults:2)
  A catoblepas (D:13)
  An anaconda (shapeshifter) (Vaults:4)
  3 shambling mangroves
  A death knight (Vaults:5)
  12 centaur warriors
  12 ogre magi
  The ghost of Ratty the Arsonist, a novice DrFE of Gozag (D:8)
  4 deep troll shamans
  4 alligators
  A deep troll earth mage (Vaults:2)
  A queen ant (Spider:3)
  31 two-headed ogres
  13 death yaks
  2 tengu warriors
  3 orc high priests
  Urug (Lair:2)
  A fire crab (shapeshifter) (Vaults:2)
  9 deep elf knights
  3 shadow wraiths
  An unseen horror (Vaults:1)
  11 deep trolls
  A wizard (Vaults:2)
  A glowing orange brain (Vaults:1)
  8 swamp dragons
  2 flayed ghosts
  13 ironbrand convokers
  15 deep elf magi
  11 deep elf archers
  4 lindwurms
  3 phantasmal warriors
  5 harpies
  A necromancer (Vaults:4)
  16 orc knights
  9 orb spiders
  A wolf spider (shapeshifter) (Vaults:5)
  5 orc sorcerers (Orc:2)
  29 wolf spiders
  37 ugly things
  A salamander (Spider:3)
  8 cyclopes
  A salamander (shapeshifter) (Vaults:1)
  Maurice (D:8)
  2 manticores
  A moth of wrath (Spider:1)
  5 black mambas
  12 elephants
  14 vault sentinels
  2 ice statues (IceCv)
  13 spiny frogs
  Psyche (D:8)
  A gargoyle (D:10)
  10 komodo dragons
  5 freezing wraiths
  3 kobold demonologists
  9 demonic crawlers
  2 efreet (D:15)
  2 human zombies (Vaults:4)
  26 yaktaurs
  A rime drake (Lair:6)
  10 ice devils (IceCv)
  25 jumping spiders
  9 trolls
  A queen bee (D:13)
  A meliai (shapeshifter) (Vaults:1)
  4 polar bears
  3 meliai
  A human skeleton (Vaults:4)
  21 hornets
  3 tyrant leeches
  A hornet (shapeshifter) (Vaults:1)
  Prince Ribbit (D:7)
  A dream sheep (Lair:6)
  A blink frog (Lair:1)
  A slime creature (shapeshifter) (Vaults:5)
  17 slime creatures
  5 bog bodies
  A meliai zombie (D:15)
  9 hippogriffs
  15 spriggans
  54 redbacks
  4 wyverns
  A water elemental (D:15)
  A shadow (D:13)
  22 tarantellas
  3 wraiths
  41 yaks
  2 fire bats (shapeshifter)
  A yak (shapeshifter) (Vaults:4)
  A hog (Spider:3)
  3 basilisks
  20 vampire mosquitoes
  2 hungry ghosts
  Edmund (D:5)
  14 swamp worms
  An acid dragon (Vaults:2)
  12 insubstantial wisps
  13 water moccasins
  13 porcupines
  22 soldier ants
  Duvessa (D:5)
  9 swamp drakes
  3 sky beasts
  41 orc warriors
  5 ice beasts
  3 phantoms
  7 black bears
  An eye of draining (shapeshifter) (Vaults:1)
  An eye of draining (D:15)
  4 boggarts (Lair:6)
  44 ogres
  25 wolves
  10 crocodiles
  15 centaurs
  3 big kobolds
  14 bullfrogs
  A wyvern zombie (D:10)
  Dowan (D:5)
  2 wyvern skeletons
  9 killer bees
  6 scorpions
  A wight (D:13)
  4 howler monkeys
  An electric eel (D:15)
  7 crimson imps
  4 centaur zombies
  8 hounds
  A human simulacrum (Vaults:4)
  A bullfrog zombie (D:7)
  7 jellies
  28 orc priests
  3 bullfrog skeletons
  16 orc wizards
  4 centaur skeletons
  4 iguanas
  6 hell rats (Lair:5)
  30 worker ants
  A hound skeleton (D:9)
  A worker ant zombie (D:5)
  4 gnolls
  15 adders
  6 shadow imps
  19 white imps
  7 ufetubi (IceCv)
  An adder zombie (D:7)
  4 adder skeletons
  4 worms
  4 dart slugs
  6 leopard geckos
  90 orcs
  4 giant cockroaches
  10 goblins
  10 hobgoblins
  4 jackals (D:10)
  6 quokkas
  4 ball pythons
  11 bats
  A frilled lizard (D:2)
  A goblin zombie (D:8)
  22 kobolds
  2 quokka skeletons
  2 quokka zombies
  5 rats
  A briar patch (Swamp:2)
  2 crawling corpses (Vaults:2)
1523 creatures vanquished.

Vanquished Creatures (collateral kills)
  A tentacled monstrosity (Vaults:5)
  A titan (Vaults:5)
  Gastronok (D:8)
  A ghost moth (Spider:1)
  A frost giant (Vaults:5)
  Louise (Spider:1)
  A vault warden (Vaults:5)
  A reaper (IceCv)
  2 ironheart preservers (Vaults:5)
  2 stone giants (Vaults:5)
  A deep elf annihilator (Vaults:5)
  A deep elf death mage (Vaults:5)
  A yaktaur captain (Vaults:5)
  Harold (Lair:2)
  An orc high priest (Orc:2)
  A deep troll (Vaults:5)
  An ironbrand convoker (Vaults:2)
  2 phantasmal warriors (Vaults:5)
  2 ugly things (D:14)
  A spiny frog (Lair:2)
  A demonic crawler (Spider:1)
  4 blink frogs (Lair:2)
  A spriggan (Lair:6)
  A tarantella (Spider:1)
  3 redbacks (Spider:1)
  3 soldier ants (Spider:3)
  2 orc warriors (Orc:2)
  7 orc priests (Orc:2)
  An adder (D:8)
  An ufetubus (IceCv)
48 creatures vanquished.

Vanquished Creatures (others)
  A deep elf mage (Vaults:4)
  A demonic crawler (Spider:4)
  A hornet (Spider:4)
  A slime creature (D:13)
  A redback (Spider:2)
  An acid dragon (Vaults:2)
  2 orc warriors
  A crocodile (Lair:6)
  A worker ant (D:10)
  4 white imps (IceCv)
  An ufetubus (IceCv)
  An orc (Orc:2)
  2 briar patches (Swamp:2)
  11 fungi
  11 plants
  2 withered plants (D:8)
42 creatures vanquished.

Grand Total: 1613 creatures vanquished

Notes
Turn   | Place    | Note
-------+----------+-------------------------------------------
     0 | D:1      | mhoghedin the Kobold Berserker began the quest for the Orb.
     0 | D:1      | Reached XP level 1. HP: 14/14 MP: 1/1
   147 | D:1      | HP: 5/21 [kobold (2)]
   152 | D:1      | Reached XP level 2. HP: 6/19 MP: 2/2
   778 | D:1      | Reached skill level 3 in Maces & Flails
   778 | D:1      | Reached XP level 3. HP: 18/24 MP: 3/3
   884 | D:1      | Reached skill level 3 in Dodging
  1440 | D:2      | Reached skill level 4 in Fighting
  1440 | D:2      | Reached XP level 4. HP: 21/29 MP: 4/4
  1631 | D:2      | Found a white marble altar of Elyvilon.
  1631 | D:2      | Found a basalt altar of Yredelemnul.
  1631 | D:2      | Found a glowing golden altar of the Shining One.
  1631 | D:2      | Found a sacrificial altar of Ru.
  1642 | D:2      | Reached ** piety under Trog
  2154 | D:2      | Found an ancient bone altar of Kikubaaqudgha.
  2158 | D:2      | Reached XP level 5. HP: 33/33 MP: 5/5
  2423 | D:3      | Reached skill level 4 in Dodging
  2477 | D:3      | Found a radiant altar of Vehumet.
  2922 | D:3      | Reached XP level 6. HP: 39/39 MP: 6/6
  2925 | D:3      | Reached *** piety under Trog
  3056 | D:3      | Reached skill level 4 in Maces & Flails
  3065 | D:3      | HP: 10/40 [something (3)]
  3071 | D:3      | Reached skill level 5 in Fighting
  3540 | D:4      | Found a staircase to the Ecumenical Temple.
  3551 | D:4      | Noticed an ogre
  3558 | D:4      | Killed an ogre
  3558 | D:4      | Reached skill level 5 in Dodging
  3558 | D:4      | Reached XP level 7. HP: 39/44 MP: 7/7
  3606 | D:4      | Found a burning altar of Makhleb.
  3615 | D:4      | Found a runed door.
  3615 | D:4      | Noticed confidenceinterval's ghost (amateur GnSu)
  3701 | D:4      | Reached skill level 2 in Armour
  4100 | D:4      | Reached XP level 8. HP: 40/51 MP: 8/8
  4225 | D:4      | Reached skill level 6 in Fighting
  4662 | D:5      | Entered Level 5 of the Dungeon
  4700 | D:5      | Found a shattered altar of Ashenzari.
  4709 | D:5      | Reached skill level 5 in Maces & Flails
  4709 | D:5      | Reached skill level 6 in Dodging
  4734 | D:5      | Reached skill level 3 in Armour
  4838 | D:5      | Got a smoking chain mail
  4849 | D:5      | Found a hazy altar of Hepliaklqana.
  4861 | D:5      | Identified the +13 chain mail of the Other World {-Tele
                  | Regen+ Str+8 Stlth-} (You found it on level 5 of the
                  | Dungeon)
  4890 | D:5      | Noticed Duvessa
  4891 | D:5      | Noticed Dowan
  4896 | D:5      | Killed Duvessa
  4901 | D:5      | Killed Dowan
  5101 | D:5      | Noticed Edmund
  5106 | D:5      | Killed Edmund
  5320 | D:5      | Reached skill level 7 in Dodging
  5320 | D:5      | Reached XP level 9. HP: 51/56 MP: 9/9
  5333 | D:5      | Reached **** piety under Trog
  5333 | D:5      | Reached skill level 7 in Fighting
  5906 | D:7      | Got a translucent whip
  5907 | D:7      | Identified the +7 whip "Plog" {slash, *Drain rC- Int+8}
                  | (You found it on level 7 of the Dungeon)
  5915 | D:7      | Found an ornate altar of the Wu Jian Council.
  5950 | D:7      | Reached skill level 4 in Armour
  5964 | D:7      | Found a hide-covered altar of Uskayaw.
  5986 | D:7      | Reached skill level 6 in Maces & Flails
  6114 | D:7      | Found a hazy altar of Hepliaklqana.
  6165 | D:7      | Noticed Prince Ribbit
  6182 | D:7      | Killed Prince Ribbit
  6216 | D:7      | Reached skill level 8 in Dodging
  6586 | D:7      | Found a deep blue altar of Sif Muna.
  6713 | D:8      | Reached skill level 8 in Fighting
  6716 | D:8      | Reached XP level 10. HP: 54/64 MP: 10/10
  6722 | D:8      | Reached skill level 5 in Armour
  6731 | D:8      | Reached skill level 7 in Maces & Flails
  6760 | D:8      | Found a staircase to the Lair.
  6766 | D:8      | Reached ***** piety under Trog
  6928 | D:8      | Reached skill level 9 in Dodging
  7046 | D:8      | Reached skill level 9 in Fighting
  7177 | D:8      | Noticed Psyche
  7190 | D:8      | Killed Psyche
  7190 | D:8      | Reached skill level 6 in Armour
  7212 | D:8      | Noticed Gastronok
  7238 | D:8      | Killed Gastronok
  7238 | D:8      | Reached skill level 8 in Maces & Flails
  7238 | D:8      | Reached skill level 10 in Dodging
  7238 | D:8      | Reached XP level 11. HP: 51/72 MP: 11/11
  7303 | D:8      | Found a runed door.
  7304 | D:8      | Noticed Ratty's ghost (novice DrFE)
  7517 | D:8      | Noticed Maurice
  7523 | D:8      | Killed Maurice
  7685 | D:8      | Killed Ratty's ghost
  7685 | D:8      | Reached skill level 10 in Fighting
  7757 | Lair:1   | Entered Level 1 of the Lair of Beasts
  7917 | Lair:1   | Reached skill level 1 in Evocations
  8197 | Lair:1   | Reached skill level 2 in Evocations
  8206 | Lair:1   | Reached skill level 7 in Armour
  8682 | Lair:2   | Noticed Fannar
  8682 | Lair:2   | Noticed a six-headed hydra
  8711 | Lair:2   | Noticed Harold
  8804 | Lair:2   | Reached skill level 3 in Evocations
  8811 | Lair:2   | Reached skill level 11 in Dodging
  8872 | Lair:2   | Killed a six-headed hydra
  8872 | Lair:2   | Reached skill level 9 in Maces & Flails
  8872 | Lair:2   | Reached XP level 12. HP: 78/78 MP: 14/14
  8926 | Lair:1   | Killed Fannar
  9020 | Lair:2   | Killed Harold
  9020 | Lair:2   | Reached skill level 4 in Evocations
  9124 | Lair:2   | Noticed Urug
  9156 | Lair:2   | Killed Urug
  9192 | Lair:2   | Found a gate leading to a gauntlet.
  9325 | Lair:2   | Reached skill level 11 in Fighting
  9329 | Lair:2   | Reached skill level 5 in Evocations
  9555 | Lair:2   | Found a staircase to the Swamp.
  9854 | Lair:3   | Reached skill level 8 in Armour
 10025 | Lair:3   | Found a hole to the Spider Nest.
 10087 | Lair:3   | Noticed a seven-headed hydra
 10094 | Lair:3   | Killed a seven-headed hydra
 10094 | Lair:3   | Reached skill level 12 in Dodging
 10094 | Lair:3   | Reached skill level 6 in Evocations
 10190 | Lair:3   | Received a gift from Trog
 10253 | Lair:3   | Reached XP level 13. HP: 84/84 MP: 13/17
 10879 | Lair:4   | Noticed Rupert
 10903 | Lair:4   | Killed Rupert
 10903 | Lair:4   | Reached skill level 10 in Maces & Flails
 11163 | Lair:4   | Reached skill level 7 in Evocations
 11196 | Lair:4   | Reached skill level 12 in Fighting
 11574 | Lair:5   | Found a transporter.
 11864 | Lair:5   | Found a transporter.
 11873 | Lair:5   | Noticed a six-headed hydra
 11875 | Lair:5   | Found a viscous altar of Jiyva.
 11875 | Lair:5   | Found a staircase to the Slime Pits.
 11887 | Lair:5   | Killed a six-headed hydra
 12015 | Lair:5   | Reached skill level 8 in Evocations
 12172 | Lair:5   | Reached skill level 9 in Armour
 12580 | Lair:6   | Entered Level 6 of the Lair of Beasts
 12605 | Lair:6   | Reached skill level 13 in Dodging
 12633 | Lair:6   | Reached XP level 14. HP: 70/92 MP: 14/20
 12982 | Lair:6   | Received a gift from Trog
 12982 | Lair:6   | Reached skill level 9 in Evocations
 13092 | Lair:6   | Reached skill level 11 in Maces & Flails
 13398 | Lair:5   | Identified a scroll of acquirement
 13401 | Lair:5   | Got a transparent marble ring
 13403 | Lair:5   | Identified the ring of Meokhuar {-Tele rC+++ Str-5 Int+3
                  | Slay+2} (You acquired it on level 5 of the Lair of Beasts)
 13477 | Lair:6   | HP: 34/138 [poisoned by a black mamba]
 13482 | Lair:6   | HP: 30/138 [poisoned by a black mamba]
 13487 | Lair:6   | HP: 16/92 [poisoned by a black mamba]
 13492 | Lair:6   | HP: 15/92 [poisoned by a black mamba]
 13497 | Lair:6   | HP: 17/92 [poisoned by a black mamba]
 13502 | Lair:6   | HP: 17/92 [poisoned by a black mamba]
 13507 | Lair:6   | HP: 19/92 [poisoned by a black mamba]
 13513 | Lair:6   | HP: 22/92 [poisoned by a black mamba]
 13758 | Lair:6   | Reached skill level 13 in Fighting
 13955 | Lair:6   | Paralysed by a hornet for 1 turns
 14536 | D:9      | Found a shimmering altar of Xom.
 14677 | D:9      | Reached skill level 10 in Evocations
 14808 | D:9      | Found a staircase to the Orcish Mines.
 15065 | D:10     | Entered Level 10 of the Dungeon
 15098 | D:10     | Received a gift from Trog
 15147 | D:10     | Reached skill level 14 in Dodging
 15819 | D:11     | Reached XP level 15. HP: 99/99 MP: 22/22
 15891 | D:11     | Found a bloodstained altar of Trog.
 15929 | D:11     | Reached skill level 10 in Armour
 15956 | D:11     | Found Ogrea's General Store.
 16393 | D:12     | Found Ablacen's Book Emporium.
 16896 | D:13     | Found Lidin's Weapon Shoppe.
 17100 | D:13     | Paralysed by a hornet for 1 turns
 17211 | D:13     | Reached ****** piety under Trog
 17211 | D:13     | Reached skill level 11 in Evocations
 17451 | D:13     | Received a gift from Trog
 17501 | D:13     | Reached skill level 12 in Maces & Flails
 17504 | D:13     | You fall through a shaft for 2 floors!
 17504 | D:15     | Entered Level 15 of the Dungeon
 17514 | D:15     | Found a staircase to the Depths.
 17578 | D:15     | Reached skill level 14 in Fighting
 17585 | D:15     | Found Lavumu's Armour Emporium.
 17615 | D:15     | Bought the +0 pair of fencer's gloves {Riposte Dex+3} for
                  | 480 gold pieces
 17615 | D:15     | Found the +0 pair of fencer's gloves {Riposte Dex+3}
 17654 | D:15     | Found Boumya's Antique Armour Shoppe.
 17658 | D:15     | Found Raebbyps's Jewellery Shoppe.
 17758 | D:15     | Bought the +0 Maxwell's etheric cage {RegenMP+ *Contam
                  | rElec MP+4} for 1000 gold pieces
 17758 | D:15     | Found the +0 Maxwell's etheric cage {RegenMP+ *Contam rElec
                  | MP+4}
 17977 | D:15     | Found Cymeukku's Gadget Boutique.
 18075 | D:15     | Found Bajecw's Antique Armour Shoppe.
 18090 | D:15     | Reached skill level 15 in Dodging
 18090 | D:15     | Reached XP level 16. HP: 106/106 MP: 24/24
 18176 | D:15     | Bought a +0 buckler for 54 gold pieces
 18253 | D:14     | Reached skill level 1 in Shields
 18289 | D:14     | Received a gift from Trog
 18314 | D:14     | Found a frozen archway.
 18335 | IceCv    | Entered an ice cave
 18671 | IceCv    | Reached skill level 12 in Evocations
 18687 | IceCv    | Reached skill level 2 in Shields
 18846 | D:14     | Got a glittering platinum amulet
 18848 | D:14     | Identified the amulet "Ogerghac" {+Rage rPois rN+ Int-5}
                  | (You acquired it on level 14 of the Dungeon)
 18864 | D:14     | Reached skill level 11 in Armour
 18866 | D:14     | Found a gate to the Vaults.
 19499 | Swamp:1  | Entered Level 1 of the Swamp
 19648 | Swamp:1  | Received a gift from Trog
 19701 | Swamp:1  | Reached skill level 3 in Shields
 20482 | Swamp:2  | Noticed a thorn hunter
 20508 | Swamp:2  | Killed a thorn hunter
 20798 | Swamp:3  | Reached XP level 17. HP: 79/112 MP: 22/26
 20811 | Swamp:4  | Entered Level 4 of the Swamp
 20823 | Swamp:4  | Reached skill level 15 in Fighting
 20919 | Swamp:4  | Reached skill level 4 in Shields
 20944 | Swamp:4  | Noticed a thorn hunter
 20955 | Swamp:4  | Killed a thorn hunter
 20955 | Swamp:4  | Reached skill level 13 in Evocations
 20959 | Swamp:4  | Received a gift from Trog
 20959 | Swamp:4  | Reached skill level 16 in Dodging
 21142 | Swamp:4  | Got a decaying rune of Zot
 21331 | Spider:1 | Entered Level 1 of the Spider Nest
 21412 | Spider:1 | Reached skill level 5 in Shields
 21491 | Spider:1 | Noticed Louise
 21527 | Spider:1 | Killed Louise
 21629 | Spider:1 | Received a gift from Trog
 21716 | Spider:1 | Reached skill level 12 in Armour
 22171 | Spider:2 | Upgraded the game from 0.23-a0-586-gacb4b3f to
                  | 0.23-a0-607-g760965b
 22425 | Spider:3 | Reached XP level 18. HP: 104/120 MP: 27/28
 22979 | Spider:3 | Noticed Arachne
 23006 | Spider:3 | Killed Arachne
 23159 | Spider:3 | Received a gift from Trog
 23213 | Spider:3 | Reached skill level 16 in Fighting
 23280 | Spider:3 | Reached skill level 17 in Dodging
 23476 | Spider:4 | Entered Level 4 of the Spider Nest
 24347 | Spider:4 | Received a gift from Trog
 24635 | Spider:4 | Got a gossamer rune of Zot
 25000 | Orc:1    | Entered Level 1 of the Orcish Mines
 25060 | Orc:1    | Reached skill level 13 in Maces & Flails
 25065 | Orc:2    | Entered Level 2 of the Orcish Mines
 25207 | Orc:2    | Reached XP level 19. HP: 105/127 MP: 29/29
 25285 | Orc:2    | Found a staircase to the Elven Halls.
 25366 | Orc:2    | Received a gift from Trog
 25922 | Orc:2    | Found Xogebby's Antique Armour Emporium.
 25923 | Orc:2    | Found Oliqaf's Antique Weapon Shoppe.
 25924 | Orc:2    | Found Piarroax's General Store.
 25924 | Orc:2    | Found Evi Afrum's Jewellery Emporium.
 26183 | D:15     | Bought a pair of pitted boots for 237 gold pieces
 26188 | D:15     | Identified the +0 pair of boots "Velepige" {Str+3} (You
                  | bought it in a shop on level 15 of the Dungeon)
 26220 | D:15     | Bought a runed shield for 187 gold pieces
 26280 | Vaults:1 | Entered Level 1 of the Vaults
 26311 | Vaults:1 | Reached skill level 6 in Shields
 26336 | Vaults:1 | Got a faintly glowing scale mail
 26352 | Vaults:1 | Received a gift from Trog
 26378 | Vaults:1 | Identified the +5 scale mail of Marbles {rPois Str+3} (You
                  | found it on level 1 of the Vaults)
 26628 | D:15     | Bought an uncursed amulet of faith for 520 gold pieces
 26792 | Vaults:1 | Reached skill level 7 in Shields
 27073 | Vaults:1 | Received a gift from Trog
 27080 | Vaults:1 | Reached skill level 14 in Maces & Flails
 27358 | Vaults:1 | Reached skill level 8 in Shields
 27736 | Vaults:2 | Got a transparent scale mail
 27777 | Vaults:2 | Paralysed by a great orb of eyes for 5 turns
 27788 | Vaults:2 | Reached XP level 20. HP: 115/132 MP: 30/30
 27915 | Vaults:2 | Received a gift from Trog
 27943 | Vaults:2 | Reached skill level 9 in Shields
 28041 | Vaults:2 | Reached skill level 15 in Maces & Flails
 28149 | Vaults:2 | Identified the +3 scale mail of Uxad {*Drain rN++ Int-5
                  | Dex+2} (You found it on level 2 of the Vaults)
 28219 | Vaults:2 | Received a gift from Trog
 28291 | Vaults:2 | Found Usaec's Gadget Emporium.
 28623 | Vaults:2 | Gained mutation: You are dopey. (Int -2) [potion of
                  | mutation]
 28623 | Vaults:2 | Gained mutation: Your body sometimes deteriorates upon
                  | taking damage. [potion of mutation]
 28623 | Vaults:2 | Gained mutation: You have a pair of small antennae on your
                  | head. [potion of mutation]
 28624 | Vaults:2 | Lost mutation: Your body sometimes deteriorates upon taking
                  | damage. [potion of mutation]
 28624 | Vaults:2 | Lost mutation: You are dopey. (Int -2) [potion of mutation]
 28624 | Vaults:2 | Lost mutation: You have a pair of small antennae on your
                  | head. [potion of mutation]
 28624 | Vaults:2 | Gained mutation: Your muscles are strong. (Str +2) [potion
                  | of mutation]
 28624 | Vaults:2 | Gained mutation: Armour fits poorly on your strangely
                  | shaped body. [potion of mutation]
 28624 | Vaults:2 | Gained mutation: Your spells are a little harder to cast,
                  | but a little more powerful. [potion of mutation]
 28625 | Vaults:2 | Lost mutation: Your muscles are strong. (Str +2) [potion of
                  | mutation]
 28625 | Vaults:2 | Lost mutation: Armour fits poorly on your strangely shaped
                  | body. [potion of mutation]
 28625 | Vaults:2 | Gained mutation: You expend magic power (3 MP) to
                  | strengthen your wands. [potion of mutation]
 28625 | Vaults:2 | Gained mutation: Potions are less effective at restoring
                  | your health. [potion of mutation]
 28625 | Vaults:2 | Gained mutation: You have large cloven feet. [potion of
                  | mutation]
 28626 | Vaults:2 | Lost mutation: You expend magic power (3 MP) to strengthen
                  | your wands. [potion of mutation]
 28626 | Vaults:2 | Lost mutation: Your spells are a little harder to cast, but
                  | a little more powerful. [potion of mutation]
 28626 | Vaults:2 | Lost mutation: Potions are less effective at restoring your
                  | health. [potion of mutation]
 28626 | Vaults:2 | Lost mutation: You have large cloven feet. [potion of
                  | mutation]
 28626 | Vaults:2 | Gained mutation: You are robust. (+10% HP) [potion of
                  | mutation]
 28626 | Vaults:2 | Gained mutation: You have a pair of small antennae on your
                  | head. [potion of mutation]
 28627 | Vaults:2 | Lost mutation: You are robust. (+10% HP) [potion of
                  | mutation]
 28627 | Vaults:2 | Lost mutation: You have a pair of small antennae on your
                  | head. [potion of mutation]
 28627 | Vaults:2 | Gained mutation: You have a pair of small horns on your
                  | head. [potion of mutation]
 28627 | Vaults:2 | Gained mutation: Your muscles are strong. (Str +2) [potion
                  | of mutation]
 28642 | Vaults:2 | Gained mutation: Armour fits poorly on your strangely
                  | shaped body. [mutagenic glow]
 28802 | Vaults:2 | Got a twitching bronze ring
 28805 | Vaults:2 | Identified the ring of the Eight Continents {rF+ rN+} (You
                  | found it on level 2 of the Vaults)
 29035 | Vaults:3 | Reached skill level 10 in Shields
 29076 | Vaults:3 | Reached skill level 13 in Armour
 29168 | Vaults:3 | Paralysed by an ogre mage for 3 turns
 29191 | Vaults:3 | Reached skill level 18 in Dodging
 29262 | Vaults:3 | You fall through a shaft!
 29302 | Vaults:4 | Reached skill level 17 in Fighting
 29422 | Vaults:4 | Reached XP level 21. HP: 139/139 MP: 27/31
 29843 | Vaults:4 | Received a gift from Trog
 30202 | Vaults:4 | Reached skill level 11 in Shields
 30222 | Vaults:4 | Received a gift from Trog
 30679 | Vaults:5 | Entered Level 5 of the Vaults
 30692 | Vaults:5 | Reached skill level 19 in Dodging
 30692 | Vaults:5 | Received a gift from Trog
 30761 | Vaults:4 | Reached XP level 22. HP: 146/146 MP: 17/32
 30774 | Vaults:4 | Reached skill level 18 in Fighting
 30774 | Vaults:4 | Reached skill level 14 in Armour
 31082 | Vaults:5 | HP: 34/147 [titan (36)]
 31085 | Vaults:5 | HP: 16/147 [deep troll[an ironheart preserver] (6)]
 31180 | Vaults:5 | Got a faintly humming robe
 31261 | Vaults:5 | Got a silver rune of Zot
 31366 | Vaults:5 | Received a gift from Trog
 31370 | Vaults:5 | Reached skill level 12 in Shields
 31544 | Vaults:5 | Received a gift from Trog
 31664 | Vaults:5 | Identified the ring "Jymeam" {Str+5 Int+2} (You found it on
                  | level 5 of the Vaults)
 31815 | Vaults:5 | Reached XP level 23. HP: 153/153 MP: 33/33
 31844 | Vaults:5 | Reached skill level 20 in Dodging
 31898 | Vaults:5 | Noticed an ancient lich
 31918 | Vaults:5 | Killed an ancient lich
 31943 | Vaults:5 | Noticed Mara
 31954 | Vaults:5 | Received a gift from Trog
 31962 | Vaults:5 | Reached skill level 19 in Fighting
 31972 | Vaults:5 | Killed Mara
 32018 | Vaults:5 | Identified the +8 broad axe "Firchasm" {chop, rElec rPois
                  | Dex+6}
 32046 | Vaults:5 | Noticed a golden dragon
 32060 | Vaults:5 | Reached skill level 15 in Armour
 32070 | Vaults:5 | HP: 38/155 [Executioner[an ironheart preserver] (13)]
 32073 | Vaults:5 | HP: 11/155 [vault warden/+1 great sword of electrocution
                  | (12)]
 32074 | Vaults:5 | HP: 4/155 [Executioner[an ironheart preserver] (9)]
 32074 | Vaults:5 | Slain by an Executioner

Vault maps used:
D:1:      minmay_arrival_three_doors, hangedman_decor_points
D:2:      kiku_gazebo_garden_becter, chequers_temple_overflow_statue_of_worship
D:3:      vehumet_crystals, first_ration
D:4:      nicolae_overflow_hidden_temple, minmay_temple_entry_ruins,
          ebering_ghost_reflecting_pool, cheibrodos_gnoll_hut
D:5:      ashenzari_altar_1, basic_altar, supply_closet_lemuel, uniq_duvessa,
          uniq_edmund
D:7:      lemuel_coloured_pillars_altar, eat_drink_and_be_merry_uskayaw,
          old_standard_altar, lemuel_doored_altar, grunt_ogre_cave,
          kennysheep_cross_room, uniq_prince_ribbit1
D:8:      minmay_lair_entry_grove, gammafunk_ghost_grave, enter_ossuary_4,
          minmay_misc_feat_room, uniq_psyche, uniq_gastronok, uniq_maurice
D:9:      kennysheep_mini_moat, david_orc_4
D:10:     serial_glass, glass_columns_b, glass_columns_c, item_on_display_a
D:11:     basic_altar, serial_shops, shop, chequers_mini_garden,
          grunt_ministairs_6, hex_medium
D:12:     serial_shops, shop
D:13:     serial_shops, shop, special_room, onia_ninara_cookie
D:14:     erik_vaults_2, portal_ice_cave_entry_imps
D:15:     grunt_enter_depths_snipers, palyth_stone_intersect, serial_shops,
          shop, nicolae_shop_waterfront, nicolae_shop_trees, shop,
          nicolae_shop_waterfront
Lair:1:   minivault_19
Lair:2:   skrybe_swamp_entry_bodies, gauntlet_entry_generic, st_stairs_9,
          grunt_megastairs_5, uniq_fannar, uniq_urug, uniq_harold
Lair:3:   nicolae_spider_entry_non_spiders, chequers_serial_rivers_micro_b,
          beast_lair_carwin_6, minmay_lair_oklob_chamber, grunt_megastairs_1,
          serial_bayou_shore_b
Lair:4:   uniq_rupert
Lair:5:   gammafunk_cloud_chamber, slime_altar_1
Lair:6:   minmay_lair_end_enchanted_forest, pond
Swamp:1:  evilmike_swamp_ruin_rubble_2, swamp_pool1
Swamp:2:  evilmike_swamp_ruin_house_6
Swamp:3:  hangedman_swamp_pad, swamp_pool1
Swamp:4:  swamp_alternative
Spider:1: uniq_louise
Spider:2: nicolae_spider_cling_halls
Spider:3: minivault_29, uniq_arachne
Spider:4: guppyfry_spider_rune, spider_trap
Orc:1:    nicolae_volcano_entry_hallway
Orc:2:    st_orc_congregation, special_room
Vaults:1: ontoclasm_vaults_twist, v_alt_pattern_2, v_misc_17,
          hangedman_vaults_hat, v_misc_12, hangedman_vaults_nails,
          nicolae_vaults_network_s, vaults_room_semicircle,
          nicolae_vaults_rhombus_5, nicolae_vaults_ring_of_whatevers,
          nicolae_vaults_mini_display_case, v_misc_15, serial_ice_g,
          vaults_dpeg_hooks
Vaults:2: hangedman_vaults_unwind, v_misc_5, nicolae_vaults_little_squares_3,
          v_misc_23, ontoclasm_vaults_hangar, nicolae_vaults_big_angled_halls,
          vaults_room_large_hall, nicolae_vaults_big_angled_halls,
          nicolae_vaults_network_quinsquares, nicolae_vaults_specimen_jars,
          v_misc_25, ontoclasm_vaults_chip, v_misc_5, hangedman_vaults_maws,
          vaults_room_pool, hangedman_vaults_impose, serial_shops,
          shop_fountains
Vaults:3: gammafunk_vaults_ghost_spectres, minmay_crypt_entry_nasty_monster,
          ontoclasm_vaults_hangar, v_misc_8, v_misc_11, v_misc_9,
          vaults_dpeg_cross, v_misc_29, st_more_cells, nicolae_vaults_rhombus_5,
          nicolae_vaults_back_hallway, vaults_room_semicircle
Vaults:4: grunt_vaults_hallway_long, vaults_mumra_lcd, v_misc_11,
          vaults_room_ringed_pool, special_room_vaults, vaults_room_pool,
          nicolae_vaults_little_squares_6, grunt_vaults_diagonal,
          vaults_room_fours, v_alt_pattern_2, hangedman_vaults_pinch,
          vaults_room_stairs_pillars
Vaults:5: serial_shops, uniq_mara
IceCv:    ice_cave_small_demon

Skill      XL: |  1  2  3  4  5  6  7  8  9 10 11 12 13 14 15 16 17 18 19 20 21 22 23 |
---------------+----------------------------------------------------------------------+-----
Maces & Flails | 3 4 5 6 8 9 10 11 12 13 14 15 | 15.3
Dodging        | 3 4 5 7 8 10 11 12 13 14 15 16 17 18 19 20 | 20.3
Fighting       | 4 5 6 8 9 10 11 12 13 14 15 16 17 18 19 | 19.1
Armour         | 2 3 4 6 7 8 9 10 11 12 13 14 15 | 15.0
Evocations     | 3 6 8 10 11 12 13 | 13.6
Shields        | 3 5 8 10 11 12 | 12.8

Action                   |  1- 3 |  4- 6 |  7- 9 | 10-12 | 13-15 | 16-18 | 19-21 | 22-24 || total
-------------------------+-------+-------+-------+-------+-------+-------+-------+-------++-------
Melee: Mace              |    88 |     8 |       |       |       |       |       |       ||    96
       Whip              |       |   135 |   296 |   499 |  1552 |   233 |       |       ||  2715
       Quarterstaff      |       |       |       |       |    28 |       |       |       ||    28
       Demon whip        |       |       |       |       |       |   855 |   836 |   533 ||  2224
       Eveningstar       |       |       |       |       |       |   476 |   575 |       ||  1051
       Headbutt          |       |       |       |       |       |       |   329 |   261 ||   590
Invok: Berserk           |     3 |     7 |       |     4 |    10 |     6 |       |       ||    30
       Trog's Hand       |       |     1 |       |     1 |     4 |     3 |    25 |     7 ||    41
       Brothers in Arms  |       |       |       |     2 |     1 |     2 |     3 |     5 ||    13
Evoke: Wand              |       |       |     1 |    10 |     4 |    23 |     2 |       ||    40
       Sack of spiders   |       |       |       |       |       |     3 |       |       ||     3
       Box of beasts     |       |       |       |       |       |     1 |       |     3 ||     4
       Lamp of fire      |       |       |       |       |       |       |       |     1 ||     1
  Use: Scroll            |       |     8 |     8 |     2 |     8 |    19 |    10 |     3 ||    58
       Potion            |       |       |       |     1 |     1 |     1 |    11 |     5 ||    19
 Stab: Distracted        |     1 |     1 |       |       |       |     1 |     1 |     4 ||     8
       Paralysed         |       |       |       |     7 |       |     6 |     5 |       ||    18
       Petrified         |       |       |       |       |     2 |       |       |       ||     2
       Confused          |       |       |       |       |       |     1 |       |       ||     1
       Invisible         |       |       |       |       |       |       |    10 |       ||    10
  Eat: Chunk             |    12 |    14 |     9 |    21 |    36 |    12 |    20 |     5 ||   129
       Ration            |       |       |       |       |       |    11 |    12 |       ||    23
Armor: Animal skin       |    15 |    15 |       |       |       |       |       |       ||    30
       Plate armour      |       |       |    61 |       |       |       |       |       ||    61
       Chain mail        |       |       |    66 |   153 |   506 |   458 |   228 |   132 ||  1543
Dodge: Dodged            |   105 |   118 |   151 |   257 |  1126 |  1467 |   617 |   290 ||  4131
Block: Buckler           |       |       |       |       |       |   734 |    57 |       ||   791
       Shield            |       |       |       |       |       |       |   828 |   432 ||  1260
       Rpst.: Whip       |       |       |       |       |    18 |    47 |       |       ||    65
       Demon whip        |       |       |       |       |       |   136 |    71 |    50 ||   257
       Eveningstar       |       |       |       |       |       |   108 |    69 |       ||   177

Table legend:
 A = Non-vault XP
 B = Vault XP
 C = Vault XP percentage of total XP
 D = Non-vault monster count
 E = Vault monster count
 F = Vault count percentage of total count
                 A         B        C        D         E       F
            +---------+---------+-------+---------+---------+-------
      Total |  345382 |  299688 |  46.5 |    1019 |     556 |  35.3
            +---------+---------+-------+---------+---------+-------
        D:1 |      32 |       0 |   0.0 |      18 |       0 |   0.0
        D:2 |     112 |       0 |   0.0 |      28 |       0 |   0.0
        D:3 |     260 |       0 |   0.0 |      39 |       0 |   0.0
        D:4 |     595 |      96 |  13.9 |      19 |       3 |  13.6
        D:5 |     642 |     382 |  37.3 |      13 |       3 |  18.8
        D:6 |      85 |       0 |   0.0 |       5 |       0 |   0.0
        D:7 |     674 |     399 |  37.2 |      23 |       2 |   8.0
        D:8 |    2253 |    4844 |  68.3 |      26 |      19 |  42.2
        D:9 |    1532 |     715 |  31.8 |      24 |      14 |  36.8
       D:10 |    1769 |       0 |   0.0 |      24 |       0 |   0.0
       D:11 |    3835 |     888 |  18.8 |      31 |       2 |   6.1
       D:12 |    7730 |       0 |   0.0 |      35 |       0 |   0.0
       D:13 |    5619 |    7616 |  57.5 |      25 |      24 |  49.0
       D:14 |    8973 |    8089 |  47.4 |      29 |      20 |  40.8
       D:15 |    8658 |    2359 |  21.4 |      24 |       3 |  11.1
     Lair:1 |    3251 |    1287 |  28.4 |      15 |       2 |  11.8
     Lair:2 |    4393 |    2682 |  37.9 |      17 |       9 |  34.6
     Lair:3 |    4264 |    1195 |  21.9 |      11 |      14 |  56.0
     Lair:4 |    5071 |    2989 |  37.1 |       8 |       1 |  11.1
     Lair:5 |    6523 |     561 |   7.9 |      24 |       4 |  14.3
     Lair:6 |   15548 |    9572 |  38.1 |      42 |      45 |  51.7
    Swamp:1 |    9630 |       0 |   0.0 |      34 |       0 |   0.0
    Swamp:2 |   10051 |       0 |   0.0 |      32 |       0 |   0.0
    Swamp:3 |    2676 |       0 |   0.0 |       7 |       0 |   0.0
    Swamp:4 |    6877 |   17682 |  72.0 |      14 |      24 |  63.2
   Spider:1 |   18411 |    1229 |   6.3 |      52 |       1 |   1.9
   Spider:2 |    6820 |       0 |   0.0 |      24 |       0 |   0.0
   Spider:3 |   11134 |   11048 |  49.8 |      30 |      45 |  60.0
   Spider:4 |    9666 |   24617 |  71.8 |      28 |      42 |  60.0
      Orc:1 |    2068 |       0 |   0.0 |      16 |       0 |   0.0
      Orc:2 |    6115 |   10185 |  62.5 |      38 |      65 |  63.1
   Vaults:1 |   31903 |   16981 |  34.7 |      54 |      30 |  35.7
   Vaults:2 |   34158 |   20901 |  38.0 |      52 |      29 |  35.8
   Vaults:3 |   15832 |     467 |   2.9 |      26 |       1 |   3.7
   Vaults:4 |   58663 |   44867 |  43.3 |      82 |      55 |  40.1
   Vaults:5 |   39559 |  103013 |  72.3 |      50 |      71 |  58.7
      IceCv |       0 |    5024 | 100.0 |       0 |      28 | 100.0
            +---------+---------+-------+---------+---------+-------

Vault maps used:
D:1:      minmay_arrival_three_doors, hangedman_decor_points
D:2:      kiku_gazebo_garden_becter, chequers_temple_overflow_statue_of_worship
D:3:      vehumet_crystals, first_ration
D:4:      nicolae_overflow_hidden_temple, minmay_temple_entry_ruins,
          ebering_ghost_reflecting_pool, cheibrodos_gnoll_hut
D:5:      ashenzari_altar_1, basic_altar, supply_closet_lemuel, uniq_duvessa,
          uniq_edmund
D:7:      lemuel_coloured_pillars_altar, eat_drink_and_be_merry_uskayaw,
          old_standard_altar, lemuel_doored_altar, grunt_ogre_cave,
          kennysheep_cross_room, uniq_prince_ribbit1
D:8:      minmay_lair_entry_grove, gammafunk_ghost_grave, enter_ossuary_4,
          minmay_misc_feat_room, uniq_psyche, uniq_gastronok, uniq_maurice
D:9:      kennysheep_mini_moat, david_orc_4
D:10:     serial_glass, glass_columns_b, glass_columns_c, item_on_display_a
D:11:     basic_altar, serial_shops, shop, chequers_mini_garden,
          grunt_ministairs_6, hex_medium
D:12:     serial_shops, shop
D:13:     serial_shops, shop, special_room, onia_ninara_cookie
D:14:     erik_vaults_2, portal_ice_cave_entry_imps
D:15:     grunt_enter_depths_snipers, palyth_stone_intersect, serial_shops,
          shop, nicolae_shop_waterfront, nicolae_shop_trees, shop,
          nicolae_shop_waterfront
Lair:1:   minivault_19
Lair:2:   skrybe_swamp_entry_bodies, gauntlet_entry_generic, st_stairs_9,
          grunt_megastairs_5, uniq_fannar, uniq_urug, uniq_harold
Lair:3:   nicolae_spider_entry_non_spiders, chequers_serial_rivers_micro_b,
          beast_lair_carwin_6, minmay_lair_oklob_chamber, grunt_megastairs_1,
          serial_bayou_shore_b
Lair:4:   uniq_rupert
Lair:5:   gammafunk_cloud_chamber, slime_altar_1
Lair:6:   minmay_lair_end_enchanted_forest, pond
Swamp:1:  evilmike_swamp_ruin_rubble_2, swamp_pool1
Swamp:2:  evilmike_swamp_ruin_house_6
Swamp:3:  hangedman_swamp_pad, swamp_pool1
Swamp:4:  swamp_alternative
Spider:1: uniq_louise
Spider:2: nicolae_spider_cling_halls
Spider:3: minivault_29, uniq_arachne
Spider:4: guppyfry_spider_rune, spider_trap
Orc:1:    nicolae_volcano_entry_hallway
Orc:2:    st_orc_congregation, special_room
Vaults:1: ontoclasm_vaults_twist, v_alt_pattern_2, v_misc_17,
          hangedman_vaults_hat, v_misc_12, hangedman_vaults_nails,
          nicolae_vaults_network_s, vaults_room_semicircle,
          nicolae_vaults_rhombus_5, nicolae_vaults_ring_of_whatevers,
          nicolae_vaults_mini_display_case, v_misc_15, serial_ice_g,
          vaults_dpeg_hooks
Vaults:2: hangedman_vaults_unwind, v_misc_5, nicolae_vaults_little_squares_3,
          v_misc_23, ontoclasm_vaults_hangar, nicolae_vaults_big_angled_halls,
          vaults_room_large_hall, nicolae_vaults_big_angled_halls,
          nicolae_vaults_network_quinsquares, nicolae_vaults_specimen_jars,
          v_misc_25, ontoclasm_vaults_chip, v_misc_5, hangedman_vaults_maws,
          vaults_room_pool, hangedman_vaults_impose, serial_shops,
          shop_fountains
Vaults:3: gammafunk_vaults_ghost_spectres, minmay_crypt_entry_nasty_monster,
          ontoclasm_vaults_hangar, v_misc_8, v_misc_11, v_misc_9,
          vaults_dpeg_cross, v_misc_29, st_more_cells, nicolae_vaults_rhombus_5,
          nicolae_vaults_back_hallway, vaults_room_semicircle
Vaults:4: grunt_vaults_hallway_long, vaults_mumra_lcd, v_misc_11,
          vaults_room_ringed_pool, special_room_vaults, vaults_room_pool,
          nicolae_vaults_little_squares_6, grunt_vaults_diagonal,
          vaults_room_fours, v_alt_pattern_2, hangedman_vaults_pinch,
          vaults_room_stairs_pillars
Vaults:5: serial_shops, uniq_mara
IceCv:    ice_cave_small_demon

Table legend:
 A = Turns spent in this place as a percentage of turns spent in the entire game.
 B = Non-inter-level travel turns spent in this place as a percentage of non-inter-level travel turns spent in the entire game.
 C = Inter-level travel turns spent in this place as a percentage of turns spent in this place.
 D = Turns resting spent in this place as a percentage of non-inter-level travel turns spent in this place.
 E = Turns spent auto-exploring this place as a percentage of non-inter-level travel turns spent in this place.
 F = Non-inter-level travel turns spent in this place divided by the number of levels of this place that you've seen.
                   A       B       C       D       E      F
               +-------+-------+-------+-------+-------+----------------------
         Total | 100.0 | 100.0 |   6.2 |   9.9 |  55.1 | 813.4
       Dungeon |  39.3 |  38.6 |   7.7 |  16.1 |  58.0 | 775.5
          Lair |  21.6 |  21.3 |   7.5 |   6.8 |  64.0 | 1070.0
         Swamp |   5.5 |   5.6 |   5.6 |   1.4 |  57.4 | 417.8
   Spider Nest |  11.0 |  11.2 |   4.3 |  10.2 |  50.7 | 841.5
  Orcish Mines |   3.2 |   3.2 |   6.7 |   4.3 |  41.6 | 480.5
        Vaults |  17.8 |  18.4 |   2.9 |   3.6 |  45.8 | 1108.8
      Ice Cave |   1.6 |   1.7 |   0.0 |  11.4 |  24.5 | 502.0
               +-------+-------+-------+-------+-------+----------------------

Table legend:
 A = Kills in this place as a percentage of kills in entire the game.
 B = Kills by you in this place as a percentage of kills by you in the entire game.
 C = Kills by friends in this place as a percentage of kills by friends in the entire game.
 D = Other kills in this place as a percentage of other kills in the entire game.
 E = Experience gained in this place as a percentage of experience gained in the entire game.
 F = Experience gained in this place divided by the number of levels of this place that you have seen.
                   A       B       C       D       E      F
               +-------+-------+-------+-------+-------+----------------------
         Total | 100.0 | 100.0 | 100.0 | 100.0 | 100.0 | 17434.3
       Dungeon |  28.8 |  29.5 |   8.3 |  14.3 |  10.6 | 4543.8
          Lair |  12.2 |  12.2 |  14.6 |   0.0 |   8.9 | 9556.0
         Swamp |   7.0 |   7.3 |   0.0 |   0.0 |   7.3 | 11729.0
   Spider Nest |  14.1 |  13.8 |  20.8 |  28.6 |  12.9 | 20731.2
  Orcish Mines |   7.6 |   7.1 |  20.8 |  14.3 |   2.8 | 9184.0
        Vaults |  28.6 |  28.4 |  31.2 |  42.9 |  56.8 | 73268.8
      Ice Cave |   1.8 |   1.7 |   4.2 |   0.0 |   0.8 | 5024.0
               +-------+-------+-------+-------+-------+----------------------
